 Dungeon Crawl Stone Soup version 0.28.0 (webtiles) character file.

Game seed: 17624159147291219790

27 Ratty the Sneak (level 2, 0/15 HPs)
             Began as a Vampire Enchanter on Feb 15, 2022.
             Was a Follower of Vehumet.
             Slain by a jackal (3 damage)
             ... on level 1 of the Dungeon.
             The game lasted 00:10:52 (848 turns).

Ratty the Sneak (Vampire Enchanter)                  Turns: 848, Time: 00:10:54

Health: 0/15       AC:  2    Str:  7    XL:     2   Next: 93%
Magic:  5/5        EV: 12    Int: 17    God:    Vehumet [*.....]
Gold:   8          SH:  0    Dex: 14    Spells: 5/5 levels left

rFire   . . .      SeeInvis +   g - +1 whip (vamp)
rCold   + + .      Faith    .   (no shield)
rNeg    + + +      Spirit   .   b - +0 robe
rPois   ∞          Reflect  .   (no helmet)
rElec   .          Harm     .   (no cloak)
rCorr   .          Rampage  .   (no gloves)
Will    .....                   (no boots)
Stlth   +++++.....              (no amulet)
HPRegen 0.00/turn               e - ring of flight
MPRegen 0.09/turn               (no ring)

@: flying, bloodless, inhibited regen
A: bloodless, fangs 3, see invisible, vampiric 1
a: Revivify, Renounce Religion


You were on level 1 of the Dungeon.
You worshipped Vehumet.
Vehumet was aware of your devotion.
You visited 1 branch of the dungeon, and saw 1 of its levels.

You collected 8 gold pieces.

Inventory:

Hand Weapons
 a - a +1 dagger
 g - a +1 vampiric whip (weapon)
Missiles
 d - a throwing net (quivered)
Armour
 b - a +0 robe (worn)
Magical Staves
 f - a staff of air
Jewellery
 e - a ring of flight (left hand)
Scrolls
 c - a scroll of vulnerability


   Skills:
 + Level 1.2 Short Blades
 + Level 2.6 Dodging
 + Level 5.2 Stealth
 + Level 2.1 Spellcasting
 + Level 4.9 Hexes


You had 5 spell levels left.
You didn't know any spells.
Your spell library contained the following spells:

 Spells                   Type           Power      Damage    Failure   Level
 Foxfire                  Conj/Fire      4%         2x1d4     19%         1
 Confusing Touch          Hex            18%        N/A       8%          3
 Tukima's Dance           Hex            18%        N/A       8%          3
 Ensorcelled Hibernation  Hex/Ice        20%        N/A       11%         2
 Dazzling Flash           Conj/Hex       20%        N/A       21%         3


Dungeon Overview and Level Annotations

Branches:
Dungeon (1/15)

Altars:
Vehumet


Innate Abilities, Weirdness & Mutations

You do not regenerate when monsters are visible.
You are frail without blood (-20% HP).
You can heal yourself when you bite living creatures.
You are immune to poison.
You have razor-sharp teeth.
You have supernaturally acute eyesight. (SInv)
You are afflicted with vampirism.


Message History

Press: ? - help, Dir - move target, f/p - jackal
Aim: a jackal (about 49% to evade your +1 vampiric whip)
You closely miss the jackal. Your bite misses the jackal.
The jackal bites you but does no damage.
The rat bites you but does no damage.
Hit: g) +1 whip (vamp)
Press: ? - help, Dir - move target, f/p - jackal
Aim: a jackal (about 49% to evade your +1 vampiric whip)
You closely miss the jackal. The jackal barely misses you. x2
The rat bites you. The jackal bites you.
Hit: g) +1 whip (vamp)
Press: ? - help, Dir - move target, f/p - jackal
Aim: a jackal (about 49% to evade your +1 vampiric whip)
You hit the jackal.
The jackal is moderately wounded.
The jackal bites you. The jackal closely misses you. x2
The rat closely misses you.
Hit: g) +1 whip (vamp)
Press: ? - help, Dir - move target, f - rat, p - jackal
Aim: a rat (about 41% to evade your +1 vampiric whip)
You barely miss the rat. The jackal bites you. The jackal barely misses you.
The rat bites you.
* * * LOW HITPOINT WARNING * * *
The jackal completely misses you.
The jackal bites you but does no damage.
The rat bites you but does no damage.
Hit: g) +1 whip (vamp)
Press: ? - help, Dir - move target, f - jackal
Aim: a jackal (moderately wounded, about 49% to evade your +1 vampiric whip)
You closely miss the jackal.
The jackal is moderately wounded.
The jackal barely misses you.
The jackal bites you but does no damage.
Hit: g) +1 whip (vamp)
Press: ? - help, Dir - move target, f/p - jackal
Aim: a jackal (moderately wounded, about 49% to evade your +1 vampiric whip)
You hit the jackal.
The jackal is heavily wounded.
The jackal bites you.
You die...

### .>#
############# #.#
#...........# #.#
#.#########.# #.#
#.#.#.....#.# #.#
#.#.......#.# ..#
#.# #.....#.# ###
#.#.#....h#.#
#.#.....#.#@#
#.#......rhh#
#.#!#.....#.#
#.############
#............#
#################.#
................#.#
###############.#.#
# #.#.#


You could see 2 jackals and a rat.

Vanquished Creatures
  A dart slug (D:1)
  A ball python (D:1)
  5 endoplasms (D:1)
  A giant cockroach (D:1)
  3 goblins (D:1)
  2 hobgoblins (D:1)
  4 kobolds (D:1)
  A quokka (D:1)
  A bat (D:1)
  A frilled lizard (D:1)
  A rat (D:1)
21 creatures vanquished.

Vanquished Creatures (others)
  A fungus (D:1)
  A plant (D:1)
2 creatures vanquished.

Grand Total: 23 creatures vanquished

Notes
Turn   | Place    | Note
-------+----------+-------------------------------------------
     0 | D:1      | Ratty the Vampire Enchanter began the quest for the Orb.
     0 | D:1      | Reached XP level 1. HP: 13/13 MP: 3/3
    66 | D:1      | Reached XP level 2. HP: 13/19 MP: 5/5
   177 | D:1      | Reached skill level 5 in Stealth
   681 | D:1      | Found a faded altar of an unknown god.
   686 | D:1      | Prayed at the altar of an unknown god.
   686 | D:1      | Became a worshipper of Vehumet
   686 | D:1      | Reached * piety under Vehumet
   686 | D:1      | Offered knowledge of Foxfire by Vehumet.
   848 | D:1      | Slain by a jackal

Illustrated notes

Levels and vault maps discovered:
D:1:      lightli_molten_gateway, layout_basic, shapermc_ecumenical_altar_petra

Skill      XL: |  1  2 |
---------------+-------+-----
Stealth        | 5 |  5.2
Short Blades   | |  1.2
Dodging        | |  2.6
Spellcasting   | |  2.1
Hexes          | |  4.9

Action                   || total
-------------------------++-------
Melee: Dagger            ||    61
       Bite              ||     9
       Whip              ||    22
 Abil: Exsanguinate      ||     1
  Use: Scroll            ||     2
       Potion            ||     1
 Stab: Invisible         ||     2
       Sleeping          ||     4
Armor: Robe              ||    27
Dodge: Dodged            ||    64
